 Dungeon Crawl Stone Soup version 0.28-a0-1429-gf3d713df7a (webtiles) character file.

Game seed: 16419289910100620881

108 zap2161 the Conjurer (level 4, -1/33 HPs)
             Began as a Demigod Conjurer on Jan 8, 2022.
             Slain by a bullfrog skeleton (6 damage)
             ... on level 4 of the Dungeon.
             The game lasted 00:20:55 (2752 turns).

zap2161 the Conjurer (Demigod Conjurer)             Turns: 2752, Time: 00:20:55

Health: -1/33      AC:  4    Str:  8    XL:     4   Next: 33%
Magic:  5/11       EV: 11    Int: 24    God:
Gold:   127        SH:  3    Dex: 12    Spells: 2/8 levels left

rFire   . . .      SeeInvis .   m - +3 dagger (venom)
rCold   . . .      Faith    .   u - +0 buckler
rNeg    . . .      Spirit   .   a - +0 robe
rPois   .          Reflect  .   (no helmet)
rElec   .          Harm     .   p - +0 cloak
rCorr   .          Rampage  .   (no gloves)
Will    .....                   q - +0 pair of boots
Stlth   ++........              k - amulet of the acrobat
HPRegen 0.11/turn               (no ring)
MPRegen 0.12/turn               (no ring)

@: attractive
A: high mp 1, forlorn, divine attributes
a: no special abilities


You were on level 4 of the Dungeon.
You visited 1 branch of the dungeon, and saw 4 of its levels.

You collected 127 gold pieces.

Inventory:

Hand Weapons
 m - a +3 dagger of venom (weapon)
Missiles
 b - 5 boomerangs (quivered)
 d - 16 poisoned darts
 f - a stone
 w - 6 atropa-tipped darts
Armour
 a - a +0 robe (worn)
 p - a +0 cloak (worn)
 q - a +0 pair of boots (worn)
 u - a +0 buckler (worn)
Magical Staves
 s - a staff of air
Jewellery
 k - an amulet of the acrobat (around neck)
Scrolls
 c - 3 scrolls of vulnerability
 e - a scroll of silence {unknown}
 g - a scroll of summoning {unknown}
 i - a scroll of blinking {unknown}
 l - a scroll of enchant armour {unknown}
 n - 2 scrolls of identify
 o - a scroll of teleportation
 r - 2 scrolls of amnesia
Potions
 j - a potion of haste {unknown}
 t - a potion of curing {unknown}
 v - a potion of magic {unknown}


   Skills:
 + Level 0.9 Short Blades
 + Level 0.9 Throwing
 + Level 2.2 Dodging
 - Level 2.0 Stealth
 * Level 2.8 Spellcasting
 * Level 4.2 Conjurations


You had 2 spell levels left.
You knew the following spells:

 Your Spells              Type           Power      Damage    Failure   Level
a - Magic Dart            Conj           92%        1d7       2%          1
b - Searing Ray           Conj           46%        2d6       4%          2
c - Dazzling Flash        Conj/Hex       26%        N/A       19%         3

Your spell library contained the following spells:

 Spells                   Type           Power      Damage    Failure   Level
 Fulminant Prism          Conj/Hex       6%         3d7       54%         4
 Iskenderun's Mystic Bla  Conj/Tloc      13%        2d5       54%         4


Dungeon Overview and Level Annotations

Branches:
Dungeon (4/15)
 Temple: D:4-7

Shops:
D:1 [   D:3 ?


Innate Abilities, Weirdness & Mutations

You have an increased reservoir of magic. (+10% MP)
You shall have no god before yourself.
Your divine heritage dramatically boosts your attributes as you level up.


Message History

Press: ? - help, Shift-Dir - straight line, f/p - bullfrog skeleton
Aim: a bullfrog skeleton (heavily damaged, 100% to hit)
The magic dart hits the bullfrog skeleton.
The bullfrog skeleton is severely damaged.
The bullfrog skeleton hits you.
You block the centaur skeleton's attack.
The centaur skeleton kicks you.
The centaur skeleton hits you but does no damage.
The centaur skeleton closely misses you.
The bullfrog skeleton hits you but does no damage.
Casting: Magic Dart (safe; 2% risk of failure)
Confirm with . or Enter, or press ? or * to list all spells.
Aiming: Magic Dart (safe; 2% risk of failure)
Press: ? - help, Shift-Dir - straight line, f/p - bullfrog skeleton
Aim: a bullfrog skeleton (severely damaged, 100% to hit)
The magic dart hits the bullfrog skeleton.
The bullfrog skeleton is severely damaged.
The centaur skeleton hits you but does no damage.
The centaur skeleton kicks you but does no damage.
The bullfrog skeleton hits you.
Casting: Magic Dart (safe; 2% risk of failure)
Confirm with . or Enter, or press ? or * to list all spells.
Aiming: Magic Dart (safe; 2% risk of failure)
Press: ? - help, Shift-Dir - straight line, f/p - bullfrog skeleton
Aim: a bullfrog skeleton (severely damaged, 100% to hit)
The magic dart hits the bullfrog skeleton.
The bullfrog skeleton is almost destroyed.
The centaur skeleton hits you but does no damage.
The centaur skeleton completely misses you.
The bullfrog skeleton barely misses you.
It was a potion of attraction.
You feel attractive to monsters. The bullfrog skeleton hits you.
* * * LOW HITPOINT WARNING * * *
The centaur skeleton barely misses you.
You block the centaur skeleton's attack.
The centaur skeleton hits you but does no damage.
The centaur skeleton kicks you but does no damage.
The bullfrog skeleton hits you.
You die...

.######.#.....#
>.†.....#####.#######
######...............
#.######.####### #.#
#.#### #.# #....# #.#
####.# #.# #Z#####.#
######.# #@Z.....#
.......# #########
########


You could see a bullfrog skeleton and a centaur skeleton.

Vanquished Creatures
  4 adders (D:3)
  An adder skeleton (D:4)
  A dart slug (D:1)
  5 orcs (D:3)
  9 endoplasms
  A giant cockroach (D:1)
  5 goblins
  3 hobgoblins
  3 quokkas
  7 ball pythons
  7 bats
  A frilled lizard (D:1)
  6 kobolds
  7 rats
60 creatures vanquished.

Notes
Turn   | Place    | Note
-------+----------+-------------------------------------------
     0 | D:1      | zap2161 the Demigod Conjurer began the quest for the Orb.
     0 | D:1      | Reached XP level 1. HP: 14/14 MP: 5/5
   142 | D:1      | Reached XP level 2. HP: 20/20 MP: 2/7
   209 | D:1      | Found Jaez's Antique Armour Shoppe.
   370 | D:1      | Learned a level 2 spell: Searing Ray
  1154 | D:2      | Reached XP level 3. HP: 26/26 MP: 7/9
  1158 | D:2      | Learned a level 3 spell: Dazzling Flash
  1475 | D:3      | Reached skill level 4 in Conjurations
  1996 | D:3      | Reached XP level 4. HP: 33/33 MP: 2/10
  2258 | D:3      | Found Xuffouze's Magic Scroll Shoppe.
  2752 | D:4      | Slain by a bullfrog skeleton

Illustrated notes

Levels and vault maps discovered:
D:1:      lightli_arrival_farm, layout_loops_ring, serial_shops,
          nicolae_shop_trees
D:2:      layout_basic
D:3:      layout_basic, nicolae_overflow_squiral,
          hellmonk_ecumenical_altar_zigzags, serial_shops,
          nicolae_shop_hallway_stairs, minivault_4, st_stairs_6,
          amcnicky_mini_rare_corridor_liquid
D:4:      layout_basic, minmay_circle_x

Skill      XL: |  1  2  3 |
---------------+----------+-----
Spellcasting   | 2 |  2.8
Dodging        | 2 |  2.2
Stealth        | 2 |  2.0
Conjurations   | 4 |  4.2
Short Blades   | |  0.9
Throwing       | |  0.9

Action                   |  1- 3 |  4- 6 || total
-------------------------+-------+-------++-------
Melee: Unarmed           |     1 |       ||     1
       Mace              |     4 |       ||     4
       Dagger            |    11 |     5 ||    16
Throw: Boomerang         |    41 |     7 ||    48
 Cast: Magic Dart        |    62 |    28 ||    90
       Searing Ray       |     2 |       ||     2
  Use: Scroll            |     3 |     1 ||     4
       Potion            |     1 |     1 ||     2
 Stab: Sleeping          |     1 |       ||     1
Armor: Robe              |     3 |     8 ||    11
Dodge: Dodged            |    17 |     6 ||    23
Block: Buckler           |       |     2 ||     2

Table legend: (Time is in decaauts)
 A = Elapsed time spent in this place.
 B = Non-inter-level travel time spent in this place.
 C = Inter-level travel time spent in this place.
 D = Time resting spent in this place.
 E = Time spent auto-exploring this place.
 F = Levels seen in this place.
 G = Mean time per level.
                   A        B        C        D        E       F      G
               +--------+--------+--------+--------+--------+-----+--------+
         Total |   2766 |   2766 |      0 |      0 |   2071 |   4 |  691.5 |
       Dungeon |   2766 |   2766 |      0 |      0 |   2071 |   4 |  691.5 |
               +--------+--------+--------+--------+--------+-----+--------+

Top non-repeatable levels by time:
     D:3: 1162 daAuts
     D:2: 760 daAuts
     D:1: 648 daAuts
     D:4: 194 daAuts
